 Dungeon Crawl Stone Soup version 0.29.1-1-gd02db6906a (webtiles) character file.

Game seed: 18169232115983123734

318 xian the Chucker (level 6, -5/55 HPs)
             Began as a Troll Wanderer on Oct 13, 2022.
             Splashed by a jelly's acid (10 damage)
             ... on level 4 of the Dungeon.
             The game lasted 00:13:16 (3442 turns).

xian the Chucker (Troll Wanderer)                   Turns: 3442, Time: 00:13:16

Health: -5/55      AC: -6    Str: 22    XL:     6   Next: 21%
Magic:  7/7        EV: 10    Int: 10    God:
Gold:   968        SH:  0    Dex:  8    Spells: 7/8 levels left

rFire   + . .      SeeInvis .   a - +0 dagger
rCold   + . .      Faith    .   (no shield)
rNeg    . . .      Spirit   .   t - +2 robe {rC+}
rPois   .          Reflect  .   (helmet restricted)
rElec   .          Harm     .   (no cloak)
rCorr   .          Rampage  .   (gloves unavailable)
Will    .....                   (boots unavailable)
Stlth   +.........              r - amulet of regeneration
HPRegen 1.78/turn               q - ring of protection from fire
MPRegen 0.10/turn               (no ring)

@: corroded
A: large, unfitting armour, claws 3, regeneration 1, shaggy fur 1, tough skin 1
a: no special abilities


You were on level 4 of the Dungeon.
You visited 1 branch of the dungeon, and saw 4 of its levels.

You collected 968 gold pieces.

Inventory:

Hand Weapons
 a - a +0 dagger (weapon)
Missiles
 b - 6 boomerangs (quivered)
 f - 18 stones
 h - 4 poisoned darts
Armour
 t - a +2 robe of cold resistance (worn)
Jewellery
 q - a ring of protection from fire (left claw)
 r - an amulet of regeneration (around neck)
Wands
 p - a wand of flame (2)
Scrolls
 g - 2 scrolls of fear {unknown}
 i - a scroll of amnesia {unknown}
 k - a scroll of teleportation
 l - 2 scrolls of vulnerability {unknown}
 o - a scroll of enchant weapon
Potions
 c - a potion of mutation
 d - a potion of flight {unknown}
 e - a potion of resistance
 j - a potion of degeneration
 n - 2 potions of invisibility {unknown}
 s - 2 potions of heal wounds {unknown}


   Skills:
 + Level 1.3 Fighting
 + Level 2.1 Short Blades
 + Level 3.6 Throwing
 + Level 2.3 Dodging
 + Level 1.7 Spellcasting
 + Level 1.4 Conjurations
 * Level 2.5 Summonings


You had 7 spell levels left.
You knew the following spells:

 Your Spells              Type           Power      Damage    Failure   Level
a - Summon Small Mammal   Summ           20%        N/A       12%         1

Your spell library contained the following spells:

 Spells                   Type           Power      Damage    Failure   Level
 Foxfire                  Conj/Fire      8%         2x1d4     24%         1
 Call Canine Familiar     Summ           5%         N/A       34%         3
 Summon Guardian Golem    Hex/Summ       3%         N/A       50%         3
 Dazzling Flash           Conj/Hex       4%         N/A       58%         3
 Portal Projectile        Hex/Tloc       0%         N/A       67%         3
 Summon Lightning Spire   Summ/Air       3%         N/A       88%         4
 Leda's Liquefaction      Hex/Erth       0%         N/A       97%         4


Dungeon Overview and Level Annotations

Branches:
Dungeon (4/15)
 Temple: D:4-7

Altars:

Shops:
D:2 (

Annotations:
D:3 Grinder


Innate Abilities, Weirdness & Mutations

You are too large for most types of armour.
You have claws for hands.
Your natural rate of healing is unusually fast.
You are covered in fur. (AC +1)
You have tough skin. (AC +1)


Message History

The jelly barely misses you.
You hit the jelly. The acid corrodes you!
Your claws burn!
The jelly is lightly wounded.
You hit the jelly. The acid corrodes you!
Your claws burn!
The jelly is moderately wounded.
The jelly barely misses you.
You hit the jelly but do no damage.
Your claws burn!
The jelly is moderately wounded.
The jelly completely misses you.
You hit the jelly but do no damage.
Your claws burn!
The jelly is moderately wounded.
The jelly hits you.
You are splashed with acid!
You hit the jelly but do no damage.
Your claws burn!
The jelly is moderately wounded.
The jelly hits you. The acid corrodes you!
You are splashed with acid!
You hit the jelly but do no damage.
Your claws burn!
The jelly is moderately wounded.
The jelly hits you.
You are splashed with acid!
* * * LOW HITPOINT WARNING * * *
You hit the jelly but do no damage.
Your claws burn!
* * * LOW HITPOINT WARNING * * *
The jelly is moderately wounded.
The jelly misses you.
You hit the jelly but do no damage.
Your claws burn!
* * * LOW HITPOINT WARNING * * *
The jelly is moderately wounded.
The jelly barely misses you.
You hit the jelly but do no damage.
Your claws burn!
* * * LOW HITPOINT WARNING * * *
The jelly is moderately wounded.
The jelly misses you.
You hit the jelly but do no damage.
Your claws burn!
* * * LOW HITPOINT WARNING * * *
The jelly is moderately wounded.
You barely miss the jelly.
The jelly is moderately wounded.
The jelly hits you.
* * * LOW HITPOINT WARNING * * *
You are splashed with acid!
You die...

#.#.#..##
##.#....### #
#.........#
#.######..#....#.#
#.#.<.......#..#.#
###
#..####..#....#.#
..###.......##......
#J#..####.###....#.
#@#.# #.# #..#...
#.#.# #.# #..##.#
#.#.# #.# #.....#
....# #.# ##.##.#
#.### #.# #.#.#.#
..# .... #..# ### ##
#.#.# #.##.# #.##.#


You could see a jelly.

Vanquished Creatures
  Jessica (D:3)
  Natasha (twice) (D:2)
  3 gnolls (D:4)
  3 adders
  A worm (D:2)
  An orc (D:3)
  4 endoplasms
  A giant cockroach (D:1)
  11 goblins
  6 hobgoblins
  7 jackals
  2 quokkas (D:1)
  9 ball pythons
  7 bats
  A frilled lizard (D:1)
  3 kobolds
  5 rats
67 creatures vanquished.

Vanquished Creatures (collateral kills)
  A phantom (D:4)
  2 adders (D:2)
  2 ball pythons (D:2)
  3 endoplasms
  A giant cockroach (D:2)
  2 goblins (D:2)
  3 hobgoblins (D:2)
  A jackal (D:2)
  2 kobolds (D:2)
  A frilled lizard (D:2)
  A rat (D:2)
19 creatures vanquished.

Grand Total: 86 creatures vanquished

Notes
Turn   | Place    | Note
-------+----------+-------------------------------------------
     0 | D:1      | xian the Troll Wanderer began the quest for the Orb.
     0 | D:1      | xian set off with the following items: a +0 dagger, 8
                  | boomerangs, a potion of mutation, a +0 robe; and the
                  | following spells available to memorise: Summon Small
                  | Mammal, Foxfire, Dazzling Flash, Summon Guardian Golem,
                  | Summon Lightning Spire.
     0 | D:1      | Reached XP level 1. HP: 16/16 MP: 1/1
     2 | D:1      | Learned a level 1 spell: Summon Small Mammal
   136 | D:1      | Reached XP level 2. HP: 24/24 MP: 3/3
   166 | D:1      | Reached skill level 3 in Throwing
   564 | D:1      | Reached XP level 3. HP: 31/32 MP: 0/4
   903 | D:1      | Found a faded altar of an unknown god.
  1810 | D:2      | Reached XP level 4. HP: 26/40 MP: 1/5
  1864 | D:2      | Noticed Natasha
  1875 | D:2      | Killed Natasha
  2139 | D:2      | Found Vobbax's Weapon Emporium.
  2198 | D:2      | Noticed Natasha
  2221 | D:2      | Killed Natasha
  2222 | D:2      | Reached skill level 1 in Short Blades
  2222 | D:2      | Reached XP level 5. HP: 9/46 MP: 4/6
  2369 | D:2      | Reached skill level 1 in Fighting
  2441 | D:2      | Identified a scroll of acquirement
  2444 | D:2      | Acquired 816 gold pieces
  2952 | D:3      | Noticed Jessica
  2980 | D:3      | Killed Jessica
  3067 | D:3      | Noticed Grinder
  3075 | D:3      | Paralysed by Grinder for 5 turns
  3255 | D:4      | Noticed a phantom
  3334 | D:4      | Killed a phantom
  3335 | D:4      | Reached XP level 6. HP: 55/55 MP: 4/7
  3442 | D:4      | Splashed by a jelly's acid

Illustrated notes

Levels and vault maps discovered:
D:1:      erik_arrival_cave_to_civilisation [erik_arrival_cave_to_hall],
          layout_basic, shapermc_ecumenical_altar_hornbeckon, nicolae_titane
D:2:      layout_loops_cross, serial_shops, shop, dk_noncrumbling_4,
          hangedman_abyss_or_decor_stabs, minmay_goblin_kobold_house,
          uniq_natasha
D:3:      layout_basic, uniq_jessica, uniq_grinder, uniq_ijyb
D:4:      layout_loops_ring, tso_altar, portal_sewer_entry_c

Skill      XL: |  1  2  3  4  5 |
---------------+----------------+-----
Throwing       | 3 |  3.6
Summonings     | 2 |  2.5
Short Blades   | 1 2 |  2.1
Dodging        | 2 |  2.3
Fighting       | 1 |  1.3
Spellcasting   | |  1.7
Conjurations   | |  1.4

Action                   |  1- 3 |  4- 6 || total
-------------------------+-------+-------++-------
Melee: Dagger            |   354 |   254 ||   608
       Punch             |     1 |     1 ||     2
Throw: Boomerang         |    23 |    56 ||    79
       Stone             |    17 |       ||    17
 Cast: Summon Small Mamm |    21 |    23 ||    44
  Use: Potion            |       |     3 ||     3
       Scroll            |       |     7 ||     7
Armor: Robe              |   183 |    84 ||   267
Dodge: Dodged            |   239 |   119 ||   358
